 Dungeon Crawl Stone Soup version 0.31-a0-236-g9a0961fb85 (webtiles) character file.

Game seed: 7637134818709418446

3192 lunkers the Grappler (level 10, -19/108 (109) HPs)
             Began as a Meteoran Wanderer on July 10, 2023.
             Was a Follower of Makhleb.
             Killed from afar by Erica (20 damage)
             ... with a lance of force
             ... on level 8 of the Dungeon.
             The game lasted 00:14:35 (3937 turns).

lunkers the Grappler (Meteoran Wanderer)            Turns: 3937, Time: 00:14:36

HP:   -19/108 (109) AC: 10    Str: 20    XL:     10   Next: 39%
MP:   14/14         EV:  9    Int: 14    God:    Makhleb [*.....]
Gold: 361           SH:  9    Dex: 15    Spells: 9/9 levels left

rFire   . .          .
                       - Unarmed
rCold   + . .        w - +0 kite shield
rNeg    . . .        d - +2 leather armour {Will+}
rPois   .            m - +0 helmet "Aplul" {rC+ Slay+3}
rElec   +            (no cloak)
rCorr   .            (no gloves)
SInv    .            (no boots)
Will    ++++.        s - necklace of Bloodlust {Fury *Rage Will++ Int-3 Slay+6} Stlth
                     g - +6 ring of intelligence
HPRegen 0.38/turn    r - ring of Conformity {rElec AC+4}
MPRegen 0.14/turn

%: random rage (50%)
@: berserking, glowing, lightly drained, very quick
A: sense surroundings 2, otherworldly, glowing, explore regen
a: Renounce Religion


You were on level 8 of the Dungeon.
You worshipped Makhleb.
Makhleb was aware of your devotion.
You visited 1 branch of the dungeon, and saw 8 of its levels.
You also visited: Sewer.

You collected 361 gold pieces.

Inventory:

Missiles
 b - a curare-tipped dart
 h - 11 poisoned darts
 n - 3 atropa-tipped darts
 q - 2 throwing nets
Armour
 d - a +2 leather armour of willpower (worn)
 m - the +0 helmet "Aplul" (worn) {rC+ Slay+3}
   (You took it off Robin on level 2 of the Dungeon)

   Slay:      It affects your accuracy & damage with ranged weapons and melee
   (+3).
   rC:        It protects you from cold.
 w - a +0 kite shield (worn)
 A - a +1 leather armour of fire resistance
Jewellery
 g - a +6 ring of intelligence (left hand)
 r - the ring of Conformity (right hand) {rElec AC+4}
   (You found it in a sewer)

   [ring of protection]

   AC:        It affects your AC (+4).
   rElec:     It insulates you from electricity.
 s - the necklace of Bloodlust (around neck) {Fury *Rage Will++ Int-3 Slay+6}
   (You found it in a sewer)

   [amulet of nothing]

   Fury:      It extends the wearer's berserk rage when killing foes.
   Int:       It affects your intelligence (-3).
   Slay:      It affects your accuracy & damage with ranged weapons and melee
   (+6).
   *Rage:     It berserks you when you make melee attacks (+50% chance).
   Will:      It greatly increases your willpower.
 v - a ring of fire
Wands
 a - a wand of roots (8)
 p - a wand of polymorph (10)
 y - a wand of mindburst (15)
Scrolls
 f - 6 scrolls of immolation
 i - 2 scrolls of blinking
 k - 3 scrolls of butterflies
 l - 3 scrolls of brand weapon
 x - a scroll of teleportation
Potions
 c - 2 potions of curing
 e - 5 potions of heal wounds
 j - a potion of degeneration
 o - 4 potions of mutation
 t - a potion of attraction
 u - a potion of cancellation
 z - a potion of lignification
 B - a potion of haste {unknown}


   Skills:
 - Level 2.1 Fighting
 - Level 6.0 Throwing
 - Level 2.4 Armour
 + Level 4.2 Shields
 + Level 14.7 Unarmed Combat
 + Level 4.6 Invocations


You had 9 spell levels left.
You didn't know any spells.
Your spell library contained the following spells:

 Spells                   Type           Power      Damage    Failure   Level
 Sandblast                Erth           0%         2d4       63%         1
 Shock                    Conj/Air       0%         1d3       63%         1
 Ensorcelled Hibernation  Hex/Ice        0%         N/A       77%         2
 Passwall                 Tmut/Erth      0%         N/A       77%         2
 Sublimation of Blood     Necr           0%         N/A       77%         2
 Stone Arrow              Conj/Erth      0%         3d7       94%         3
 Swiftness                Air            0%         N/A       94%         3
 Petrify                  Tmut/Erth      0%         N/A       100%        4
 Irradiate                Conj/Tmut      0%         3d11      100%        5


Dungeon Overview and Level Annotations

Branches:
Dungeon (8/15) Zot: 934     Sewer (visited)
 Temple: D:4-7         Lair: D:8-11

Altars:
Dithmenos
Hepliaklqana
Makhleb
Qazlal
Wu Jian
Xom
The Shining One

Shops:
D:5 (   D:6 !

Annotations:
D:8 2 transporters, Erica; Maggie; rabbitsville's ghost, novice HOFi


Innate Abilities, Weirdness & Mutations

You passively map the area around you.
You are easily found by Zot.
You glow in the dark.
You regain HP and MP as you explore.


Message History

An orc comes into view. It is wielding a +0 club.
You barely miss Maggie.
You recover from your berserk rage.
You feel sick.
You are no longer poisoned.
Maggie says, "If you die in the Dungeon, but nobody's around to see it, does it really matter?"
Maggie hits you with a +2 scimitar of flaming.
Maggie burns you. You block the kobold's attack.
Erica hits you with a +3 scimitar of flaming!
Erica burns you. You block the kobold brigand's attack.
The orc warrior hits you from afar with a +3 trident!
* * * LOW HITPOINT WARNING * * *
You punch Erica!
Erica is moderately wounded.
You punch Erica!
Erica is heavily wounded.
You block the orc warrior's attack.
Maggie hits you with a +2 scimitar of flaming!
* * * LOW HITPOINT WARNING * * *
Maggie burns you.
* * * LOW HITPOINT WARNING * * *
The kobold barely misses you.
Erica hits you with a +3 scimitar of flaming!
* * * LOW HITPOINT WARNING * * *
Erica burns you.
* * * LOW HITPOINT WARNING * * *
The kobold brigand hits you with a +0 whip!
* * * LOW HITPOINT WARNING * * *
A red film seems to cover your vision as you go berserk!
You feel yourself moving faster!
You feel mighty!
You pummel Erica!!
Erica is severely wounded.
The kobold brigand hits you but does no damage.
The kobold barely misses you.
Maggie hits you with a +2 scimitar of flaming.
* * * LOW HITPOINT WARNING * * *
Maggie burns you.
* * * LOW HITPOINT WARNING * * *
Erica points at you and mumbles some strange words.
The lance of force hits you!!
You die...

.....#.##.....#..# , ,*
5.#...#.#..#.....#, *
5=.©# , #..#.....######
)#... ##..#.o........#
$#...#.#©.............#
.#.##..##.#...........#.
**
#...#...#.#.....o.......
,.#....##.##.....K..)...,
* *
....*#..##....@K...... ,*
#,#####...##....@@.....#
###........#.......<....
* ......# *,##..>......#.
*
##....####.#..?.......#,
#...................## ,
#...#####.##..........
#)..# .. ...######.#*
#...# ,* * , * *


You could see Erica, Maggie, an orc warrior, a kobold brigand, an orc and a
kobold.

Vanquished Creatures
  Grinder (D:5)
  Grum (D:5)
  Duvessa (D:4)
  2 ice beasts (D:5)
  An orc warrior (D:7)
  A black bear (D:7)
  A sky beast (D:8)
  3 wolves (D:5)
  A phantom (D:6)
  A kobold brigand (D:7)
  4 bullfrogs
  2 gnoll sergeants (D:5)
  A scorpion (D:5)
  4 wights (D:8)
  Dowan (D:4)
  10 hounds
  An orc priest (D:7)
  2 jellies
  3 gnoll boudas
  Ijyb (D:3)
  4 orc wizards
  2 iguanas
  Robin (D:2)
  31 gnolls
  10 adders
  3 river rats (D:3)
  A shadow imp (D:5)
  2 worms (D:3)
  13 orcs
  16 ball pythons
  8 endoplasms
  7 giant cockroaches
  11 goblins
  11 hobgoblins
  12 jackals
  9 kobolds
  8 quokkas
  3 bats
  11 frilled lizards
  12 rats
217 creatures vanquished.

Notes
Turn   | Place    | Note
-------+----------+-------------------------------------------
     0 | D:1      | lunkers the Meteoran Wanderer began the quest for the Orb.
     0 | D:1      | lunkers set off with the following items: a +2 dagger, a
                  | curare-tipped dart, a potion of curing, a +0 ring mail, a
                  | potion of heal wounds.
     0 | D:1      | Reached XP level 1. HP: 17/17 MP: 2/2
   142 | D:1      | Reached skill level 2 in Unarmed Combat
   142 | D:1      | Reached XP level 2. HP: 15/24 MP: 3/3
   150 | D:1      | Found a faded altar of an unknown god.
   158 | D:1      | Got Plato's Directory of Air
   217 | D:1      | Reached skill level 3 in Unarmed Combat
   308 | D:2      | Reached XP level 3. HP: 29/29 MP: 4/4
   538 | D:2      | Identified the +0 helmet "Aplul" {rC+ Slay+3}
   538 | D:2      | Noticed Robin
   628 | D:2      | Killed Robin
   629 | D:2      | Reached skill level 4 in Unarmed Combat
   629 | D:2      | Reached XP level 4. HP: 25/36 MP: 5/5
   873 | D:3      | Noticed Ijyb
   882 | D:3      | Killed Ijyb
   883 | D:3      | Reached skill level 5 in Unarmed Combat
   958 | D:3      | Reached XP level 5. HP: 31/41 MP: 6/6
  1141 | D:3      | Found a glowing drain.
  1151 | D:3      | Reached skill level 6 in Unarmed Combat
  1158 | Sewer    | Entered a sewer
  1177 | Sewer    | Reached XP level 6. HP: 45/48 MP: 7/7
  1391 | Sewer    | Found the necklace of Bloodlust {Fury *Rage Will++ Int-3
                  | Slay+6}
  1405 | Sewer    | Reached skill level 7 in Unarmed Combat
  1409 | Sewer    | Reached XP level 7. HP: 13/55 MP: 8/8
  1420 | Sewer    | Identified the ring of Conformity {rElec AC+4}
  1484 | D:3      | Reached skill level 8 in Unarmed Combat
  1522 | D:3      | Found a stormy altar of Qazlal.
  1753 | D:4      | Noticed Dowan
  1756 | D:4      | Noticed Duvessa
  1761 | D:4      | Killed Duvessa
  1762 | D:4      | Killed Dowan
  1763 | D:4      | Reached skill level 9 in Unarmed Combat
  1880 | D:4      | Found a hazy altar of Hepliaklqana.
  1931 | D:4      | Reached XP level 8. HP: 61/61 MP: 9/9
  2008 | D:4      | Found a burning altar of Makhleb.
  2025 | D:5      | Entered Level 5 of the Dungeon
  2025 | D:5      | Found Beemafat's Weapon Shop.
  2105 | D:5      | Noticed Grinder
  2130 | D:5      | Killed Grinder
  2131 | D:5      | Reached skill level 10 in Unarmed Combat
  2138 | D:5      | Reached skill level 11 in Unarmed Combat
  2174 | D:5      | Found a shadowy altar of Dithmenos.
  2203 | D:5      | Gained mutation: You passively map the area around you.
                  | [Meteoran growth]
  2203 | D:5      | Reached XP level 9. HP: 62/67 MP: 10/10
  2386 | D:5      | Reached skill level 12 in Unarmed Combat
  2581 | D:5      | Reached skill level 13 in Unarmed Combat
  2603 | D:5      | Noticed Grum
  2608 | D:5      | Killed Grum
  2697 | D:6      | Found Wyliex's Distillery.
  2741 | D:6      | Reached skill level 14 in Unarmed Combat
  2813 | D:6      | Found an ornate altar of the Wu Jian Council.
  2813 | D:6      | Found a shimmering altar of Xom.
  2813 | D:6      | Found a glowing golden altar of the Shining One.
  2970 | D:4      | Became a worshipper of Makhleb the Destroyer
  3296 | D:7      | Reached skill level 1 in Shields
  3296 | D:7      | Reached skill level 1 in Invocations
  3340 | D:7      | Reached XP level 10. HP: 73/73 MP: 12/12
  3574 | D:7      | Reached * piety under Makhleb
  3835 | D:8      | Found a transporter.
  3839 | D:8      | Noticed rabbitsville's ghost (novice HOFi)
  3878 | D:8      | Found a transporter.
  3927 | D:8      | Noticed Maggie
  3929 | D:8      | Noticed Erica
  3936 | D:8      | HP: 2/72 [kobold brigand/+0 whip (9)]
  3937 | D:8      | Killed from afar by Erica

Illustrated notes

Levels and vault maps discovered:
D:1:      tarquinn_simple_flora_water_f, layout_basic,
          shapermc_ecumenical_altar_rom_forum, minmay_tromino_mix6
D:2:      layout_loops_ring, corexii_corridor_pit, serial_bayou_ford_a,
          uniq_robin
D:3:      layout_basic, mainiacjoe_overflow_small_starburst,
          lightli_sewer_entry_pipes, uniq_ijyb, uniq_crazy_yiuf_cottage
D:4:      layout_basic, mainiacjoe_overflow_surrounded_room,
          lightli_temple_of_fire, minmay_temple_entry_statues_pillars,
          uniq_duvessa
D:5:      layout_cave_pools, nicolae_dithmenos_shadow_blocks,
          nicolae_ru_the_path_less_chosen, serial_gnoll_camp,
          gnoll_camp_mini_hut, gnoll_camp_mini_shop, grums_kennel,
          gnoll_camp_mini_doghouse, gnoll_camp_mini_hut, chequers_avenue,
          uniq_grinder
D:6:      layout_basic, gammafunk_temple_overflow_forgotten, serial_shops,
          shop_fountains
D:7:      layout_loops_ring, minivault_19, supply_closet_lemuel,
          hangedman_decor_lopped
D:8:      layout_rooms, special_room [special_room_orc],
          gammafunk_ghost_stat_death, uniq_erica, uniq_maggie

Skill      XL: |  1  2  3  4  5  6  7  8  9 10 |
---------------+-------------------------------+-----
Unarmed Combat | 2 3 4 5 6 7 9 11 14 | 14.7
Shields        | 1 4 |  4.2
Invocations    | 1 4 |  4.6
Fighting       | |  2.1
Throwing       | |  6.0
Armour         | |  2.4

Action                     |  1- 3 |  4- 6 |  7- 9 | 10-12 || total
---------------------------+-------+-------+-------+-------++-------
  Melee: Dagger            |    49 |       |       |       ||    49
         Unarmed           |    58 |   174 |   197 |    62 ||   491
         Punch             |     1 |     5 |     7 |       ||    13
    Use: Scroll            |       |       |    15 |       ||    15
 Armour: Ring mail         |    40 |    67 |   150 |       ||   257
         Skin              |       |     1 |       |       ||     1
         Leather armour    |       |       |     4 |    16 ||    20
  Dodge: Dodged            |    32 |    75 |    84 |    12 ||   203
  Block: Kite shield       |       |       |     4 |    21 ||    25

Table legend: (Time is in decaauts)
 A = Elapsed time spent in this place.
 B = Non-inter-level travel time spent in this place.
 C = Inter-level travel time spent in this place.
 D = Time resting spent in this place.
 E = Time spent auto-exploring this place.
 F = Levels seen in this place.
 G = Mean time per level.
                   A        B        C        D        E       F      G
               +--------+--------+--------+--------+--------+-----+--------+
         Total |   4224 |   3893 |    331 |     97 |   2189 |   9 |  469.3 |
       Dungeon |   3865 |   3534 |    331 |     97 |   2059 |   8 |  483.1 |
         Sewer |    359 |    359 |      0 |      0 |    130 |   1 |  359.0 |
               +--------+--------+--------+--------+--------+-----+--------+

Top non-repeatable levels by time:
     D:5: 736 daAuts
     D:6: 586 daAuts
     D:2: 562 daAuts
     D:3: 549 daAuts
     D:7: 515 daAuts
     D:4: 410 daAuts
   Sewer: 359 daAuts
     D:1: 302 daAuts
     D:8: 201 daAuts
